Map: Neon Violet Square LE

Players

Donejt - Winner!

  • Race: Zerg Zerg
  • Spawn Location: 5:00

Rektum

  • Race: Protoss Protoss
  • Spawn Location: 11:00

VOD

Have the link to the VOD?

Description

Time

  • Played on: Jan. 27, 2018, 12:34 p.m.
  • Length: 9:38
Show
View Real Time Build Order
Export as new Build Order

Donejt Zerg - Winner!

Build Orders: Pool First 

Get SALT Encoding   

  12  0:03  Drone  
  13  0:08  Drone  
  14  0:18  Overlord  
  14  0:37  Extractor, Drone x3  
  16  0:50  Spawning Pool  
  16  0:54  Drone  
  16  1:24  Hatchery  
  15  1:40  Metabolic Boost  
  15  1:46  Roach Warren  
  15  1:47  Drone  
  15  1:50  Drone  
  16  1:56  Drone  
  17  2:02  Drone  
  18  2:12  Queen  
  20  2:24  Drone  
  20  2:25  Drone  
  22  2:37  Queen  
  22  2:38  Drone  
  25  2:47  Drone x3  
  28  3:05  Overlord x2  
  28  3:17  Lair  
  28  3:21  Overlord x2  
  28  3:25  Drone x3  
  31  3:28  Drone  
  31  3:31  Drone  
  33  3:45  Drone x4  
  37  3:50  Drone x2  
  37  3:53  Drone  
  37  3:54  Drone  
  41  4:00  Drone x2  
  43  4:11  Extractor  
  43  4:12  Extractor  
  43  4:14  Drone x2  
  43  4:22  Queen  
  45  4:28  Glial Reconstitution  
  45  4:31  Roach x3  
  51  4:42  Overlord x3  
  51  4:53  Overlord x2  
  51  5:09  Roach x5  
  51  5:10  Roach  
  51  5:12  Roach  
  65  5:21  Evolution Chamber  
  65  5:23  Roach  
  65  5:24  Roach x4  
  74  5:48  Roach x2  
  74  5:49  Roach x6  
  90  6:01  Overlord x2  
  90  6:02  Overlord  
  90  6:04  Overlord  
  90  6:07  Queen  
  92  6:27  Roach x7  
  92  6:30  Roach  
  92  6:31  Roach x2  
  112  6:33  Roach  
  116  6:47  Roach x5  
  116  6:52  Overlord  
  124  7:06  Hydralisk Den  
  123  7:16  Overlord x3  
  123  7:32  Zerg Ground Armor Level 1  
  123  7:39  Evolution Chamber  
  123  7:43  Roach x3  
  123  7:44  Roach x7  
  136  7:49  Ravager x4  
  146  7:52  Ravager  
  146  7:57  Roach  
  145  8:41  Roach x5  
  145  8:42  Roach x2  
  151  9:11  Roach  
  151  9:12  Overlord x2, Roach  
  151  9:13  Overlord  
Show
View Real Time Build Order
Export as new Build Order

Rektum Protoss 

Build Orders:  

Get SALT Encoding   

  12  0:12  Pylon  
  12  0:25  Probe  
  13  0:37  Probe  
  13  0:41  Gateway  
  14  0:49  Probe  
  15  0:59  Assimilator  
  15  1:02  Probe  
  16  1:05  Assimilator  
  16  1:24  Probe  
  17  1:36  Probe  
  17  1:39  Cybernetics Core  
  18  1:48  Probe (Chrono Boost)  
  18  1:51  Pylon  
  19  1:59  Probe (Chrono Boost)  
  20  2:03  Probe (Chrono Boost)  
  21  2:21  Warp Gate  
  21  2:34  Stalker  
  23  2:49  Gateway  
  23  3:17  Pylon  
  23  3:35  Twilight Council  
  23  3:41  Stalker  
  25  4:01  Probe  
  26  4:08  Gateway  
  26  4:11  Stalker  
  26  4:13  Probe  
  26  4:15  Gateway  
  29  4:25  Probe  
  30  4:37  Probe (Chrono Boost)  
  31  4:47  Probe (Chrono Boost)  
  31  4:52  Probe (Chrono Boost)  
  33  5:00  Blink  
  33  5:03  Probe  
  34  5:16  Probe  
  35  5:30  Stalker  
  35  5:31  Stalker  
  39  6:03  Pylon  
  39  6:04  Pylon  
  39  6:27  Sentry  
  41  6:41  Stalker  
  41  6:42  Stalker x2  
  47  6:48  Pylon  
  47  6:52  Pylon  
  47  6:55  Sentry  
  49  7:28  Stalker x2  
  49  7:29  Stalker  
  55  7:30  Stalker  
  55  7:35  Pylon  
  57  7:40  Pylon  
  53  7:54  Sentry  
  53  7:56  Sentry  
  57  7:59  Stalker  
  57  8:00  Stalker  
  61  8:22  Stalker  
  61  8:23  Stalker x3  
Tags
 
Add a new tag
Caveats
  • Supply blocks, unpowered buildings, or Contaminate may cause inaccurate times.
  • Supply counts are checked every 10 seconds.